[ PARTIDA AOE2 · #494215877 ]
UnrankedChinos vs Celts
Equipo del jugador · VICT
Equipo rival · DERR
[ ANÁLISIS DE REPETICIÓN · EXTRAÍDO DE LA PARTIDA GRABADA ]
Feudal
10:01
Castillos
—
Imperial
—
| APM promedio | 52.7 |
| APM pico | 80 |
| eAPM promedio | 23.6 |
| Aldeanos / militares | 31 / 9 |
Foco
⚔️ 38.2% · 🌾 61.8%
Archer ×9
Feudal
—
Castillos
—
Imperial
—
| APM promedio | 38.3 |
| APM pico | 76 |
| eAPM promedio | 21.7 |
| Aldeanos / militares | 35 / 0 |
Foco
⚔️ 24.1% · 🌾 75.9%
Mapa de la partida
Recursos iniciales + cada clic de construcción. Líneas = muros · curvas = relieve. ◆ oro · ⬟ piedra · ● bayas · ✦ reliquia · ◌ hueco del cierre
Tu base· Abierta — hueco de 5t
Base de Hexi· Abierta — flanco sin cerrar
Terreno inicial suavizado · ◌ = hueco del cierre detectado · pasá el cursor para detalles
Inputs por minuto
— NachoMontes - - Hexi
Build order — NachoMontes
85 acciones detectadas en el replay
| 0:06 | Construir | Town Center |
| 1:11 | Investigar | Loom |
| 1:56 | Crear | Villager (Male) |
| 1:56 | Crear | Villager (Male) |
| 2:02 | Crear | Villager (Male) |
| 2:35 | Construir | Lumber Camp |
| 2:38 | Crear | Villager (Male) |
| 2:50 | Crear | Villager (Male) |
| 3:16 | Crear | Villager (Male) |
| 3:56 | Crear | Villager (Male) |
| 3:57 | Crear | Villager (Male) |
| 4:12 | Crear | Villager (Male) |
| 4:58 | Crear | Villager (Male) |
| 4:58 | Crear | Villager (Male) |
| 5:09 | Construir | House |
| 5:18 | Construir | Mill |
| 5:36 | Crear | Villager (Male) |
| 5:38 | Crear | Villager (Male) |
| 5:40 | Crear | Villager (Male) |
| 5:46 | Construir | House |
| 5:47 | Construir | Palisade Wall |
| 5:51 | Crear | Villager (Male) |
| 5:56 | Crear | Villager (Male) |
| 6:00 | Crear | Villager (Male) |
| 6:15 | Crear | Villager (Male) |
| 6:23 | Crear | Villager (Male) |
| 6:50 | Crear | Villager (Male) |
| 6:51 | Crear | Villager (Male) |
| 6:53 | Crear | Villager (Male) |
| 6:53 | Crear | Villager (Male) |
| 7:02 | Crear | Villager (Male) |
| 7:31 | Construir | House |
| 7:31 | Construir | Palisade Wall |
| 7:51 | Investigar | Feudal Age |
| 7:51 | Investigar | Feudal Age |
| 8:01 | Construir | Palisade Wall |
| 8:02 | Construir | Palisade Wall |
| 8:03 | Construir | Palisade Wall |
| 8:40 | Construir | Barracks |
| 9:07 | Construir | Mining Camp |
| 9:25 | Construir | House |
| 9:28 | Construir | Palisade Wall |
| 9:28 | Construir | Palisade Wall |
| 9:33 | Construir | Palisade Wall |
| 9:33 | Construir | Palisade Wall |
| 9:34 | Construir | Palisade Wall |
| 9:51 | Construir | House |
| 10:01 | Edad | Edad Feudal |
| 10:07 | Crear | Villager (Male) |
| 10:12 | Construir | Archery Range |
| 10:13 | Investigar | Double-Bit Axe |
| 10:14 | Crear | Villager (Male) |
| 10:27 | Crear | Villager (Male) |
| 10:30 | Crear | Villager (Male) |
| 10:45 | Crear | Archer |
| 10:46 | Crear | Archer |
| 10:55 | Construir | Palisade Wall |
| 10:56 | Construir | Palisade Wall |
| 10:59 | Construir | House |
| 11:01 | Crear | Villager (Male) |
| 11:09 | Construir | House |
| 11:21 | Crear | Archer |
| 11:29 | Construir | Palisade Wall |
| 11:31 | Construir | Palisade Wall |
| 11:33 | Crear | Archer |
| 11:45 | Construir | Palisade Wall |
| 11:46 | Crear | Villager (Male) |
| 12:08 | Construir | Palisade Wall |
| 12:09 | Crear | Archer |
| 12:29 | Crear | Villager (Male) |
| 12:37 | Crear | Archer |
| 12:39 | Construir | Palisade Wall |
| 12:40 | Construir | Palisade Wall |
| 12:45 | Construir | Lumber Camp |
| 12:59 | Crear | Archer |
| 13:02 | Construir | House |
| 13:36 | Crear | Archer |
| 13:50 | Crear | Archer |
| 15:12 | Construir | Blacksmith |
| 16:03 | Investigar | Fletching |
| 16:10 | Construir | Palisade Gate |
| 16:13 | Construir | Palisade Wall |
| 16:14 | Construir | Palisade Wall |
| 16:33 | Construir | House |
| 16:35 | Construir | Palisade Wall |
Build order — Hexi
42 acciones detectadas en el replay
| 1:43 | Construir | Town Center |
| 2:53 | Crear | Villager (Male) ×4 |
| 2:53 | Crear | Villager (Male) ×4 |
| 4:12 | Construir | Palisade Gate |
| 4:20 | Crear | Villager (Male) |
| 4:20 | Crear | Villager (Male) |
| 4:42 | Crear | Villager (Male) |
| 5:16 | Crear | Villager (Male) |
| 5:43 | Crear | Villager (Male) |
| 6:00 | Investigar | Loom |
| 6:01 | Crear | Villager (Male) |
| 6:19 | Crear | Villager (Male) |
| 6:39 | Crear | Villager (Male) |
| 7:12 | Crear | Villager (Male) |
| 7:43 | Crear | Villager (Male) |
| 7:53 | Construir | House |
| 7:56 | Crear | Villager (Male) |
| 8:18 | Crear | Villager (Male) |
| 8:28 | Crear | Villager (Male) |
| 9:03 | Crear | Villager (Male) |
| 9:09 | Construir | Town Center |
| 9:13 | Construir | Town Center |
| 9:53 | Crear | Villager (Male) |
| 9:53 | Crear | Villager (Male) |
| 10:02 | Crear | Villager (Male) |
| 13:01 | Construir | Mill |
| 13:11 | Construir | Palisade Wall |
| 13:12 | Construir | Palisade Wall |
| 13:12 | Construir | Palisade Wall |
| 13:23 | Crear | Villager (Male) |
| 15:09 | Crear | Villager (Male) |
| 15:10 | Crear | Villager (Male) |
| 15:46 | Crear | Villager (Male) |
| 15:49 | Crear | Villager (Male) |
| 16:10 | Crear | Villager (Male) |
| 16:10 | Crear | Villager (Male) |
| 16:26 | Construir | Palisade Wall |
| 16:28 | Construir | Palisade Wall |
| 16:28 | Construir | Palisade Wall |
| 16:30 | Crear | Villager (Male) |
| 16:52 | Crear | Villager (Male) |
| 17:13 | Crear | Villager (Male) |
Cronología de la partida
| 5:47 | NachoMontes · wall_segment Palisade Wall x1 |
| 7:31 | NachoMontes · wall_segment Palisade Wall x1 |
| 8:01 | NachoMontes · wall_segment Palisade Wall x1 |
| 8:02 | NachoMontes · wall_segment Palisade Wall x1 |
| 8:03 | NachoMontes · wall_segment Palisade Wall x1 |
| 8:40 | NachoMontes · first_building Barracks |
| 9:28 | NachoMontes · wall_segment Palisade Wall x1 |
| 9:28 | NachoMontes · wall_segment Palisade Wall x1 |
| 9:33 | NachoMontes · wall_segment Palisade Wall x1 |
| 9:33 | NachoMontes · wall_segment Palisade Wall x1 |
| 9:34 | NachoMontes · wall_segment Palisade Wall x1 |
| 10:01 | NachoMontes · age_up feudal |
| 10:12 | NachoMontes · first_building Archery Range |
| 10:55 | NachoMontes · wall_segment Palisade Wall x1 |
| 10:56 | NachoMontes · wall_segment Palisade Wall x1 |
| 11:29 | NachoMontes · wall_segment Palisade Wall x1 |
| 11:31 | NachoMontes · wall_segment Palisade Wall x1 |
| 11:45 | NachoMontes · wall_segment Palisade Wall x1 |
| 12:08 | NachoMontes · wall_segment Palisade Wall x1 |
| 12:39 | NachoMontes · wall_segment Palisade Wall x1 |
| 12:40 | NachoMontes · wall_segment Palisade Wall x1 |
| 13:11 | Hexi · wall_segment Palisade Wall x2 |
| 13:12 | Hexi · wall_segment Palisade Wall x3 |
| 13:12 | Hexi · wall_segment Palisade Wall x3 |
| 16:13 | NachoMontes · wall_segment Palisade Wall x1 |
| 16:14 | NachoMontes · wall_segment Palisade Wall x1 |
| 16:26 | Hexi · wall_segment Palisade Wall x1 |
| 16:28 | Hexi · wall_segment Palisade Wall x4 |
| 16:28 | Hexi · wall_segment Palisade Wall x4 |
| 16:35 | NachoMontes · wall_segment Palisade Wall x1 |
| 17:26 | Hexi · resign |
[ ANÁLISIS IA · 1 CRÉDITO ]
¿Qué pasó realmente en esta partida?
Wolo.gg analiza cada decisión: build order, eco, micro, errores típicos por bracket. Análisis personalizado por WhatsApp o Discord en 30 segundos.
Guía civ
Chinos
Perfil
NachoMontes